[Event "*** Titled Tuesday 3|2 Blitz"]
[Site "Chess.com"]
[Date "2015.03.03"]
[Round "5"]
[White "AkshatChandra"]
[Black "Gevorg_Harutjunyan"]
[Result "1-0"]
[WhiteElo "2541"]
[BlackElo "2501"]
[TimeControl "180+2"]
[EndTime "12:05:01 PST"]
[Termination "AkshatChandra won by resignation"]

1. e4 c6 2. d4 d5 3. Nc3 dxe4 4. Nxe4 Bf5 5. Ng3 Bg6 6. h4 h6 7. Nf3 Nd7 8. h5 Bh7 9. Bd3 Bxd3 10.
Qxd3 Ngf6 11. Bd2 e6 12. O-O-O Qc7 13. Ne4 Be7 14. Nxf6+ Bxf6 15. Kb1 Rd8 16. Qe2 Qb6 17. Bc1 Be7 18. g4 Nf6 19. c4 Qa5 20. Ne5 Nd7 21.
Bd2 Qb6 22. Nxd7 Rxd7 23. Be3 Qa6 24. f4 Kd8 25. g5 Kc8 26. Qc2 Qa5 27. g6 fxg6 28.
Qxg6 Bf6 29. Qe4 Qf5 30. Qxf5 exf5 31. d5 Rhd8 32. Bxa7 cxd5 33. Bb6 Re8 34. cxd5 Re2 35. Bd4 Rxd5 36. Bxf6 Rxd1+ 37. Rxd1 gxf6 38. Rd5 Kc7 39. Rxf5 Re6 40. a4 Kd6 41. Rb5 Kc6 42. Rf5 Kd7 43. Ka2 b6 44. Ka3 Rd6 45. Kb3 Ke6 46. Rb5 Kd7 47. Kc3 Kc6 48. b4 Re6 49. Rf5 Re3+ 50.
Kd4 Re6 51. Kc4 Re4+ 52. Kc3 Re3+ 53. Kd4 Re6 54. a5 bxa5 55. Rxa5 Kb6 56. Ra8 f5 57. Rb8+ Kc7 58. Rh8 Re4+ 59. Kc5 Rxf4 60. Rh7+ Kd8 61. Rxh6 Rf1 62. b5 f4 63. Rh8+ Kd7 64. h6 f3 65.
h7 Rc1+ 66. Kb6 Rh1 67. Ra8 f2 68. Rf8 Rh6+ 69. Ka7 Rxh7 70. b6 Kc6+ 71. Ka6 Rh2 72. Rf6+ Kd5 73. b7 Rh6 74. Rxh6 f1=Q+ 75. Ka7 Qa1+ 76. Ra6 Qd4+ 77. Rb6 Qa4+ 78. Ra6 Qd4+ 79. Ka8 Qc4 80. Ra5+ Ke6 81. b8=Q Qc6+ 82. Qb7 Qe8+ 83. Ka7 Kf6 84. Qb6+ Kf7 85. Qf2+ Kg6 86. Qg3+ Kh6 87.
Qg5+ Kh7 88. Qh5+ Qxh5 89. Rxh5+ Kg6 90. Ra5 1-0

[Event "*** Titled Tuesday 3|2 Blitz"]
[Site "Chess.com"]
[Date "2015.03.03"]
[Round "5"]
[White "jup1978"]
[Black "kesarev"]
[Result "1-0"]
[WhiteElo "2153"]
[BlackElo "2225"]
[TimeControl "180+2"]
[EndTime "12:06:18 PST"]
[Termination "jup1978 won by resignation"]

1. e4 g6 2. d4 Bg7 3. Nf3 c5 4.
c3 cxd4 5. cxd4 d5 6. exd5 Qxd5 7. Nc3 Qa5 8. Bb5+ Bd7 9. Bxd7+ Nxd7 10. O-O Ngf6 11.
Re1 Qd8 12. Qe2 Nb6 13. Bg5 h6 14. Bf4 Nbd5 15. Qb5+ Qd7 16. Qxd7+ Kxd7 17. Ne5+ Ke8 18. Bd2 e6 19. Rac1 a6 20. Be3 Ke7 21. Na4 Rhc8 22. Nc5 b6 23. Na4 Nd7 24. Nxd7 Kxd7 25. Nc3 Nxc3 26.
bxc3 Rc4 27. Bd2 b5 28. Rb1 Rac8 29. g3 Bf8 30. Re3 h5 31. Rf3 f5 32. Kf1 Be7 33. Rd3 Bd6 34. Re1 Ra4 35. Bf4 Bxf4 36. gxf4 Rxa2 37. d5 exd5 38. Rxd5+ Kc6 39. Rd4 Kb6 40.
Re6+ Rc6 41. Rdd6 Rxd6 42. Rxd6+ Kc5 43. Rxg6 a5 44. Rg5 Kc4 45. Rxf5 Rb2 46. Rxh5 Kxc3 47. f5 Rd2 48. f6 Kb4 49. Rh4+ Kb3 50. Rh5 Ka4 51. Re5 Rd6 52. Rf5 Rd8 53. f7 Rf8 54.
Ke2 b4 55. Kd2 Kb3 56. Rxa5 Rxf7 57. Ke2 Kc2 58. Ke3 b3 59. Rc5+ Kb1 60. f4 b2 61.
Ke4 Ra7 62. f5 Ka1 63. Rb5 b1=Q+ 64. Rxb1+ Kxb1 65. f6 Ra4+ 66. Ke5 Ra5+ 67. Kf4 Ra4+ 68.
Kg5 Ra5+ 69. Kg6 Ra6 70. h4 Kc2 71. h5 Kd3 72. Kg7 Ra1 73. h6 Rg1+ 74. Kh7 Rf1 75. Kg7 Rg1+ 76. Kf8 Rh1 77. f7 Rxh6 78. Kg7 Rd6 79. f8=Q Rd4 80. Kg6 Ke4 81. Qf5+ Ke3 82. Kg5 Re4 83. Qc5+ Kd3 84. Kf5 Rd4 85. Ke5 Re4+ 86. Kf5 Rd4 87. Qa3+ Kc4 88. Qa6+ Kc5 89. Ke5 Rd5+ 90. Ke4 Rd4+ 91. Ke3 Rd5 92. Qb7 Rd6 93. Ke4 Re6+ 94. Kf5 Rb6 95. Qc7+ Kb5 96. Ke5 Rc6 97. Qd7 Kc5 98. Qa7+ Kb4 99. Qb7+ Kc5 100. Qa7+ Kb4 101. Kd5 Rc4 102. Qb6+ Kc3 103. Qe3+ Kb4 104. Qd2+ Kb3 105. Qd1+ Kb4 106. Qb1+ 1-0

[Event "*** Titled Tuesday 3|2 Blitz"]
[Site "Chess.com"]
[Date "2015.03.03"]
[Round "6"]
[White "LADIESGET2KNOWME"]
[Black "Schemato"]
[Result "1-0"]
[WhiteElo "2267"]
[BlackElo "2069"]
[TimeControl "180+2"]
[EndTime "12:10:05 PST"]
[Termination "LADIESGET2KNOWME won by resignation"]

1. d4 e6 2. Nc3 d5 3. e4 Nf6 4.
Bg5 Bb4 5. e5 h6 6. Bh4 g5 7.
Bg3 Ne4 8. Ne2 c5 9. a3 Bxc3+ 10. Nxc3 Nxc3 11. bxc3 b6 12. h4 Rg8 13. Qh5 g4 14.
Qxh6 Ba6 15. Bxa6 Nxa6 16. Qh7 Ke7 17. h5 Qf8 18. Bh4+ Kd7 19. Bf6 cxd4 20. cxd4 Rc8 21.
Qd3 Nc7 22. h6 1-0

[Event "*** Titled Tuesday 3|2 Blitz"]
[Site "Chess.com"]
[Date "2015.03.03"]
[Round "6"]
[White "pKiLz5Rn9b"]
[Black "Bab3s"]
[Result "1-0"]
[WhiteElo "2234"]
[BlackElo "2046"]
[TimeControl "180+2"]
[EndTime "12:11:27 PST"]
[Termination "pKiLz5Rn9b won by resignation"]

1. b3 e5 2. Bb2 Nc6 3. e3 d5 4.
Bb5 Bd6 5. Ne2 Bd7 6. f4 f6 7.
O-O Nge7 8. Ng3 a6 9. Be2 Be6 10. c4 dxc4 11. bxc4 exf4 12. exf4 Bc5+ 13. Kh1 Bd4 14.
Nc3 O-O 15. Rb1 Nf5 16. Nxf5 Bxf5 17. d3 Re8 18. Bf3 Re3 19. Bd5+ Kh8 20. Ne4 Bxb2 21. Rxb2 Bxe4 22. dxe4 Rb8 23. Qc1 Rd3 24. Qb1 Rd4 25. Bxc6 1-0

[Event "*** Titled Tuesday 3|2 Blitz"]
[Site "Chess.com"]
[Date "2015.03.03"]
[Round "6"]
[White "bsmail"]
[Black "Colombiano07"]
[Result "1-0"]
[WhiteElo "2049"]
[BlackElo "1950"]
[TimeControl "180+2"]
[EndTime "12:12:03 PST"]
[Termination "bsmail won by resignation"]

1. d4 d5 2. c4 c6 3. Nf3 e6 4.
Nc3 dxc4 5. g3 b5 6. Bg2 Bb7 7. Ne5 Qb6 8. a4 a6 9. O-O Nf6 10. Bg5 Nd5 11. Ne4 Nd7 12. Nxd7 Kxd7 13.
e3 Be7 14. Bxe7 Kxe7 15. Qg4 Kf8 16. Nc5 Rd8 17. Qh4 Nf6 18. g4 Nd7 19. a5 Qc7 20. Nxb7 1-0

[Event "*** Titled Tuesday 3|2 Blitz"]
[Site "Chess.com"]
[Date "2015.03.03"]
[Round "6"]
[White "pedromartinez91"]
[Black "Danirod"]
[Result "1-0"]
[WhiteElo "2160"]
[BlackElo "2300"]
[TimeControl "180+2"]
[EndTime "12:12:04 PST"]
[Termination "pedromartinez91 won by resignation"]

1. e4 c5 2. Nf3 g6 3. h4 Nf6 4. e5 Ng4 5. d4 cxd4 6. Qxd4 d6 7.
e6 Nf6 8. exf7+ Kxf7 9. h5 Bg7 10.
Ng5+ Kg8 11. Nc3 Nc6 12. Bc4+ Kf8 13. Qe3 d5 14. Bb3 gxh5 15. Bd2 Qd6 16. Nb5 Qe5 17. Qxe5 Nxe5 18. Nc7 Rb8 19. Bf4 Nfg4 20. f3 h6 21.
Nge6+ Bxe6 22. Nxe6+ Kf7 23. Nxg7 Rbd8 24. Nxh5 1-0

[Event "*** Titled Tuesday 3|2 Blitz"]
[Site "Chess.com"]
[Date "2015.03.03"]
[Round "6"]
[White "gumersindo"]
[Black "Brandon_Clarke"]
[Result "0-1"]
[WhiteElo "2097"]
[BlackElo "2306"]
[TimeControl "180+2"]
[EndTime "12:12:31 PST"]
[Termination "Brandon_Clarke won by checkmate"]

1. d4 e6 2. c4 f5 3. g3 Nf6 4. Bg2 Be7 5. Nf3 O-O 6. O-O d6 7.
b3 a5 8. Nc3 Ne4 9. Qc2 Nxc3 10.
Qxc3 Qe8 11. Bb2 Bf6 12. Qd2 Kh8 13. Rae1 e5 14. e4 f4 15. dxe5 dxe5 16. gxf4 exf4 17.
e5 Be7 18. Kh1 Nc6 19. Nd4 Bb4 20. Bxc6 bxc6 21. Qe2 c5 22. Nf3 Bxe1 23. Rxe1 Bb7 24. Rg1 Qh5 25. Kg2 Qg4+ 26. Kf1 Qxf3 27. e6 Qxe2+ 28.
Kxe2 f3+ 29. Ke3 Rg8 30. Kf4 Rae8 31. Ke5 Bc8 32. Kd5 Bxe6+ 33. Kxc5 h6 34. Rg6 Kh7 35. Rg3 Ref8 36. Kb5 Rf5+ 37. Kc6 g5 38. Kxc7 g4 39. Kd6 Bf7 40. h3 h5 41. hxg4 hxg4 42. Rg1 Rg6+ 43. Ke7 Re6+ 44. Kd7 Rg6 45. Rh1+ Rh6 46. Rg1 Bh5 47.
Re1 Rf7+ 48. Kd8 Rd6+ 49. Kc8 Ra6 50. Kb8 Rb6+ 51. Kc8 a4 52. Bd4 Rc6+ 53. Kb8 Rd6 54. Bc5 Rd8# 0-1

[Event "*** Titled Tuesday 3|2 Blitz"]
[Site "Chess.com"]
[Date "2015.03.03"]
[Round "6"]
[White "Mugzyyy"]
[Black "Tilicheev_Viacheslav"]
[Result "0-1"]
[WhiteElo "2318"]
[BlackElo "2518"]
[TimeControl "180+2"]
[EndTime "12:12:52 PST"]
[Termination "Tilicheev_Viacheslav won by resignation"]

1. d4 d5 2. c4 e5 3. e3 exd4 4.
exd4 Nf6 5. Nc3 Bb4 6. Nf3 O-O 7. Be2 Nc6 8. O-O Bg4 9. a3 Be7 10. cxd5 Nxd5 11. h3 Bh5 12. Be3 Nxe3 13. fxe3 Re8 14. d5 Bxf3 15. gxf3 Ne5 16. f4 Ng6 17. e4 Bc5+ 18.
Kh1 Qh4 19. Bg4 h5 20. Bf5 Nxf4 21. Qf3 Bd6 22. Rg1 g6 23. Nb5 Be5 24. d6 cxd6 25. Nc7 Kh7 26. Nxa8 Rxa8 27. Bg4 Rh8 28. Rac1 hxg4 29.
Rxg4 Qf6 30. Rf1 Kg7 31. h4 Rxh4+ 32. Rxh4 Qxh4+ 33. Kg1 Bd4+ 0-1

[Event "*** Titled Tuesday 3|2 Blitz"]
[Site "Chess.com"]
[Date "2015.03.03"]
[Round "6"]
[White "patzerplay"]
[Black "Malev212"]
[Result "0-1"]
[WhiteElo "2168"]
[BlackElo "2082"]
[TimeControl "180+2"]
[EndTime "12:13:50 PST"]
[Termination "Malev212 won by checkmate"]

1. e4 e5 2. Nf3 Nc6 3. Bb5 Bc5 4. O-O d6 5. c3 Bb6 6. d3 Ne7 7. Be3 O-O 8. Nbd2 Bg4 9. h3 Bh5 10. Bc4 Kh8 11. Qc2 f6 12. a4 d5 13. exd5 Nxd5 14. Bxb6 axb6 15. Rae1 Nf4 16. Re3 Qd7 17. Kh2 Rad8 18.
Ne4 Na5 19. Bb5 c6 20. Bc4 Nxc4 21. dxc4 c5 22. Nfd2 f5 23. g4 fxe4 24. Nxe4 Bg6 25.
Rfe1 Nd3 26. R1e2 Bxe4 27. Rxe4 Qf7 28. R4e3 Nxf2 29. Kg2 Nd1 30. Rd3 Qf1+ 31. Kg3 Nf2 32. Rxd8 Qxh3# 0-1

[Event "*** Titled Tuesday 3|2 Blitz"]
[Site "Chess.com"]
[Date "2015.03.03"]
[Round "6"]
[White "michaelk123"]
[Black "brauliocuarta"]
[Result "0-1"]
[WhiteElo "1900"]
[BlackElo "2018"]
[TimeControl "180+2"]
[EndTime "12:13:55 PST"]
[Termination "brauliocuarta won on time"]

1. e4 c5 2. Nf3 e6 3. d4 cxd4 4.
Nxd4 a6 5. c4 Nf6 6. Nc3 Bb4 7.
Qd3 Qc7 8. a3 Bxc3+ 9. Qxc3 Nxe4 10. Nb5 axb5 11. Qxg7 Rf8 12. Bh6 Qd6 13. cxb5 b6 14. Rc1 Bb7 15. Rc7 Ra7 16. Be2 Qe7 17. Bf3 f5 18. Rxb7 Qxg7 19. Rxb8+ Ke7 20. Bxg7 Rxb8 21.
Ke2 Rc7 22. Ke3 Nf6 23. Bh6 Rg8 24. Bf4 d6 25. Bc6 e5 0-1

[Event "*** Titled Tuesday 3|2 Blitz"]
[Site "Chess.com"]
[Date "2015.03.03"]
[Round "6"]
[White "promen1999"]
[Black "AlexanderL"]
[Result "0-1"]
[WhiteElo "2287"]
[BlackElo "2520"]
[TimeControl "180+2"]
[EndTime "12:14:01 PST"]
[Termination "AlexanderL won by resignation"]

1. d4 e6 2. e4 d5 3. Nc3 Bb4 4.
e5 b6 5. Nh3 Ne7 6. Nf4 c5 7. a3 cxd4 8. axb4 dxc3 9. bxc3 Qc7 10. Nd3 Nd7 11. f4 Qxc3+ 12. Bd2 Qc7 13. Be2 Nf5 14.
O-O O-O 15. Bg4 Ne7 16. Be3 a5 17. b5 Bb7 18. Ra4 Rac8 19. Rf2 Nf5 20. Bxf5 exf5 21. Bd4 Rfe8 22. c3 Nf8 23. g4 Qd7 24. Rg2 Ne6 25.
gxf5 Nxd4 26. Rxd4 Qxf5 27. Rg5 Qh3 28. f5 Qe3+ 29.
Kh1 Qxg5 30. f6 g6 31. Qe1 Rc4 32. h4 Qf5 33. Qe3 Rxd4 34. Qh6 Rxh4+ 35. Qxh4 Qe4+ 0-1

[Event "*** Titled Tuesday 3|2 Blitz"]
[Site "Chess.com"]
[Date "2015.03.03"]
[Round "6"]
[White "alturas_pacificas"]
[Black "chesstatour"]
[Result "1-0"]
[WhiteElo "2057"]
[BlackElo "1885"]
[TimeControl "180+2"]
[EndTime "12:14:29 PST"]
[Termination "alturas_pacificas won on time"]

1. d4 e6 2. Bf4 Nf6 3. e3 b6 4.
Nf3 Bb7 5. Be2 Be7 6. O-O O-O 7. h3 d5 8. c4 Ne4 9. Nc3 Nd7 10. cxd5 exd5 11. Rc1 Rc8 12. Nb5 c5 13. Nxa7 Ra8 14. Nb5 Rxa2 15. dxc5 bxc5 16. Qb3 Qa5 17. Bc7 Qa4 18.
Qxa4 Rxa4 19. Nc3 Rb4 20. Rc2 Nxc3 21. bxc3 Rb3 22. c4 Nb6 23. cxd5 Nxd5 24. Bc4 Rb4 25.
Bg3 Ra8 26. Rfc1 Nb6 27. Bf1 Rba4 28. Ne5 Ra1 29. Nd3 Rxc1 30. Rxc1 c4 31. Ne5 c3 32.
Rxc3 Ra1 33. Nf3 Ba6 34. Nh2 h6 35. Be5 1-0

[Event "*** Titled Tuesday 3|2 Blitz"]
[Site "Chess.com"]
[Date "2015.03.03"]
[Round "6"]
[White "wonderfultime"]
[Black "MITerryble"]
[Result "1-0"]
[WhiteElo "2556"]
[BlackElo "2507"]
[TimeControl "180+2"]
[EndTime "12:14:36 PST"]
[Termination "wonderfultime won by resignation"]

1. d4 e6 2. c4 Bb4+ 3. Nd2 Nf6 4.
Nf3 O-O 5. a3 Bxd2+ 6. Bxd2 Ne4 7. Bf4 d6 8. e3 f5 9. Bd3 Nd7 10. O-O Qe7 11. Bxe4 fxe4 12. Nd2 e5 13. dxe5 Nxe5 14.
Nxe4 Nxc4 15. Ng5 Be6 16. Rc1 h6 17. Nxe6 Qxe6 18. b3 Nxa3 19. Rxc7 Nb5 20. Rxb7 Nc3 21. Qd3 Ne4 22. Qd4 Rf7 23. Rxf7 Kxf7 24. Ra1 a5 25.
Qb6 Qd5 26. h3 g5 27. Bh2 Rc8 28. Qa7+ Kg6 29. Qe7 Nf6 30. Qxd6 Qxd6 31. Bxd6 Ne4 32. Be5 Rc2 33. f3 Nc5 34. Rxa5 Nxb3 35. Ra6+ Kf5 36. Bg7 Rc1+ 37. Kh2 Rc2 38. Rf6+ Ke5 39. Rc6+ Kd5 40. Rxc2 1-0

[Event "*** Titled Tuesday 3|2 Blitz"]
[Site "Chess.com"]
[Date "2015.03.03"]
[Round "6"]
[White "MinhGTrAn"]
[Black "1stSecond"]
[Result "1-0"]
[WhiteElo "2426"]
[BlackElo "2359"]
[TimeControl "180+2"]
[EndTime "12:14:47 PST"]
[Termination "MinhGTrAn won by resignation"]

1. d4 Nf6 2. Bg5 Ne4 3. Bf4 c5 4. f3 Nf6 5. d5 d6 6. Nc3 g6 7. e4 Bg7 8. Qd2 a6 9. a4 Nbd7 10. Bh6 O-O 11. h4 Rb8 12. h5 Qa5 13. hxg6 fxg6 14.
Ra3 Qb4 15. Bxg7 Kxg7 16. Rb3 Qd4 17. Qh6+ Kg8 18. Nge2 Qc4 19. Nf4 Qxb3 20. cxb3 Rf7 21. Nxg6 b5 22. axb5 axb5 23. Bxb5 Rg7 24. Bxd7 Rxg6 25.
Qxg6+ hxg6 26. Bxc8 Rxc8 27. Kd2 Rb8 28. Kc2 g5 29. Ne2 Kf7 30. Ng3 e6 31. dxe6+ Kxe6 32. Rh6 Ke5 33. Nf5 d5 34. Ne7 Rb6 35. exd5 Nxd5 36.
Rxb6 Nxb6 37. g3 Kd4 38. Nf5+ Ke5 39. Ne3 Kd4 40. Kd2 Nd7 41. Nc2+ Ke5 42. b4 c4 43. Kc3 Nb6 44. Ne3 Ke6 45. Nxc4 Nd5+ 46. Kb3 Ne7 47. Ne3 Ke5 48. Kc4 Kd6 49. b5 Ng6 50. Kd4 Ne7 51.
Nc4+ Kc7 52. Ke5 Kb7 53. Kf6 Nd5+ 54. Kxg5 Nc7 55. b6 Nd5 56. f4 Ne3 57. Nxe3 1-0

[Event "*** Titled Tuesday 3|2 Blitz"]
[Site "Chess.com"]
[Date "2015.03.03"]
[Round "6"]
[White "jup1978"]
[Black "manitodeplomo"]
[Result "0-1"]
[WhiteElo "2148"]
[BlackElo "2293"]
[TimeControl "180+2"]
[EndTime "12:14:54 PST"]
[Termination "manitodeplomo won by resignation"]

1. e4 e6 2. d4 d5 3. Nd2 Nc6 4.
Ngf3 Nf6 5. e5 Nd7 6. Be2 f6 7. exf6 Qxf6 8. Nf1 b6 9. Ne3 Bb7 10. O-O O-O-O 11. a4 Kb8 12. a5 Nxa5 13. Bd2 Nc6 14. Ba6 Bxa6 15. Rxa6 Kb7 16. Qa1 Ndb8 17. Ra4 a5 18.
Rb1 Na6 19. c3 Ra8 20. Ng4 Qf5 21. Nge5 Nxe5 22. Nxe5 Bd6 23. Re1 Rhf8 24. f3 Qc2 25. Be3 Bxe5 26. dxe5 Rf5 27. Bf2 g5 28. h3 Rf4 29.
Rxf4 gxf4 30. Qa3 Rg8 31. Qe7 Qg6 32. g4 fxg3 33. Bd4 Re8 34. Qd7 Nb8 35. Qa4 Nc6 36. Kg2 h5 37. Re2 Rf8 38. Re3 h4 39. Qd1 Qf5 40. b4 axb4 41. cxb4 Nxd4 42. Qxd4 Qc2+ 43. Kg1 Qf2+ 0-1

[Event "*** Titled Tuesday 3|2 Blitz"]
[Site "Chess.com"]
[Date "2015.03.03"]
[Round "6"]
[White "destroyer305"]
[Black "BjarkeSahl"]
[Result "0-1"]
[WhiteElo "2198"]
[BlackElo "2093"]
[TimeControl "180+2"]
[EndTime "12:14:55 PST"]
[Termination "BjarkeSahl won by resignation"]

1. e4 c6 2. d4 d5 3. exd5 cxd5 4.
Bd3 Nc6 5. c3 Nf6 6. Bf4 Bg4 7.
Qb3 Qc8 8. Nd2 e6 9. Ngf3 Be7 10.
O-O O-O 11. Ne5 Bh5 12. Rae1 Ng4 13. Qc2 Ngxe5 14. Bxh7+ Kh8 15. Bxe5 Nxe5 16. Rxe5 f5 17. g4 Bxg4 18. Bg6 Bd6 19. Qd3 Rf6 20. h3 Rxg6 21. hxg4 Rxg4+ 22. Kh1 Bxe5 23. Qh3+ Kg8 24. dxe5 Kf7 25.
Nf3 Qh8 26. Qh2 Qxh2+ 27. Nxh2 Rh8 28. f3 Rgh4 29. Rf2 f4 30. Kg1 Kg6 31. Ng4 Rh1+ 32. Kg2 Kf5 33. Rd2 R1h3 34. b3 Rg3+ 35. Kf2 Rh1 36.
c4 Rhg1 37. Ke2 dxc4 38. bxc4 R1g2+ 39. Ke1 Rxd2 40. Kxd2 Rxf3 0-1

[Event "*** Titled Tuesday 3|2 Blitz"]
[Site "Chess.com"]
[Date "2015.03.03"]
[Round "6"]
[White "Novak_Pezelj"]
[Black "Ar4uha"]
[Result "0-1"]
[WhiteElo "2377"]
[BlackElo "2470"]
[TimeControl "180+2"]
[EndTime "12:14:59 PST"]
[Termination "Ar4uha won on time"]

1. e4 d5 2. exd5 Nf6 3. Bb5+ Bd7 4.
Bc4 Bg4 5. f3 Bf5 6. Nc3 Nbd7 7.
Nge2 Nb6 8. Ng3 Nxc4 9. Nxf5 Nxd5 10. O-O e6 11. Ng3 Bc5+ 12. Kh1 O-O 13. Qe2 Nd6 14.
Na4 Bb6 15. b3 Qh4 16. Bb2 Nf4 17. Qe1 Rad8 18. c4 Nd3 19. Qb1 Nf2+ 20. Rxf2 Bxf2 21. Nf1 Nf5 22. Bc3 Bd4 23. Qc2 Qf2 24. Bxd4 Rxd4 25.
Nc5 Rfd8 26. Ne4 Qh4 27. Qc3 b6 28. a4 a5 29. b4 axb4 30. Qxb4 Rxe4 31. fxe4 Qxe4 32.
Qc3 Rd3 33. Qc2 h5 34. Re1 Qd4 0-1

[Event "*** Titled Tuesday 3|2 Blitz"]
[Site "Chess.com"]
[Date "2015.03.03"]
[Round "6"]
[White "IMLevAltounian"]
[Black "zmaj23"]
[Result "0-1"]
[WhiteElo "2438"]
[BlackElo "2342"]
[TimeControl "180+2"]
[EndTime "12:15:02 PST"]
[Termination "zmaj23 won by checkmate"]

1. e4 c5 2. c3 Nf6 3. e5 Nd5 4.
g3 Nc6 5. Bg2 e6 6. Nf3 d6 7.
exd6 Bxd6 8. d4 cxd4 9. Nxd4 Nxd4 10. Qxd4 O-O 11. O-O Qc7 12. Nd2 Rd8 13. Qc4 Qb8 14. Ne4 b5 15. Qb3 Be7 16. a4 a6 17. axb5 axb5 18.
Rxa8 Qxa8 19. Bg5 f6 20. Bd2 Qa4 21. Qxa4 bxa4 22. Bc1 f5 23. Ng5 a3 24. Bxd5 Rxd5 25.
bxa3 Rd3 26. Re1 Rxc3 27. Bf4 Bxg5 28. Bxg5 Rxa3 29. Rd1 Ba6 30. Bf4 Kf7 31. Be5 Bd3 32. Rc1 g5 33. h3 Be4 34. Rc7+ Kg6 35. Rg7+ Kh6 36. Re7 Bd5 37. Kh2 Ra2 38. Bd4 Rd2 39.
Bg7+ Kg6 40. h4 Rd1 41. g4 Rh1+ 42. Kg3 f4# 0-1

[Event "*** Titled Tuesday 3|2 Blitz"]
[Site "Chess.com"]
[Date "2015.03.03"]
[Round "6"]
[White "kinetix"]
[Black "Mvpag"]
[Result "0-1"]
[WhiteElo "1433"]
[BlackElo "1860"]
[TimeControl "180+2"]
[EndTime "12:15:03 PST"]
[Termination "Mvpag won by resignation"]

1. e4 e5 2. f4 Nc6 3. Nf3 d6 4. Bc4 Be7 5. Nc3 Nf6 6. d3 O-O 7.
O-O Na5 8. Bb5 c6 9. Ba4 b5 10.
Bb3 Qc7 11. Qe1 Nxb3 12. axb3 b4 13. Ne2 c5 14. Nd2 a5 15. Nc4 Ba6 16. fxe5 dxe5 17. Rf5 Bxc4 18. bxc4 Ra6 19. Qg3 Kh8 20. Be3 Nd7 21.
h4 Rg6 22. Qh3 Rf6 23. b3 Rxf5 24. Qxf5 Bxh4 25. g3 Bf6 26. Kg2 g6 27. Qf3 Bg7 28.
g4 Kg8 29. Ng3 Re8 30. Ra4 Nf8 31. Qd1 Ne6 32. Qa1 Ra8 33. Qf1 Nd4 34. Ra2 Qd7 35.
Bxd4 Qxd4 36. Qf2 Qd7 37. Qxc5 Qxg4 38. Rxa5 Rxa5 39. Qxa5 Bh6 40. Qa1 Bf4 41. Qe1 h5 0-1

[Event "*** Titled Tuesday 3|2 Blitz"]
[Site "Chess.com"]
[Date "2015.03.03"]
[Round "6"]
[White "Mazetovic"]
[Black "Yaacovn"]
[Result "1-0"]
[WhiteElo "2405"]
[BlackElo "2518"]
[TimeControl "180+2"]
[EndTime "12:15:19 PST"]
[Termination "Mazetovic won by resignation"]

1. e4 c6 2. Nc3 d5 3. Nf3 dxe4 4. Nxe4 Nf6 5. Nxf6+ gxf6 6. Bc4 Bg4 7. c3 Nd7 8. d4 Qc7 9. h3 Bh5 10. g4 Bg6 11. Nh4 e6 12. Be3 O-O-O 13. Qf3 Be7 14. O-O-O Nb6 15. Bb3 Nd5 16. Nxg6 hxg6 17. h4 Nxe3 18.
fxe3 Kb8 19. h5 gxh5 20. gxh5 Rh6 21. Rdg1 Rdh8 22. Rg7 Bf8 23. Rg2 a5 24. a4 Ka7 25.
Kb1 Bd6 26. Bc2 Qb6 27. Ka2 Qd8 28. e4 Qb6 29. Bb3 c5 30. d5 Be5 31. Bc4 Rd8 32.
Rg7 Rf8 33. Qe3 Rhh8 34. h6 f5 35. exf5 exd5 36. Bxd5 Qd6 37. Bc4 Re8 38. Rxf7 Qc6 39. Bb5 Qxh1 40. Qxc5+ Ka8 41. Bxe8 Rxe8 42. h7 Bb8 43.
Qxa5+ Ba7 44. Qb5 Rh8 45. f6 Qe4 46. Re7 1-0

[Event "*** Titled Tuesday 3|2 Blitz"]
[Site "Chess.com"]
[Date "2015.03.03"]
[Round "6"]
[White "ChessTrener"]
[Black "Tomsel"]
[Result "1/2-1/2"]
[WhiteElo "2446"]
[BlackElo "2293"]
[TimeControl "180+2"]
[EndTime "12:15:25 PST"]
[Termination "Game drawn by agreement"]

1. e4 c5 2. Ne2 e6 3. Nbc3 Nc6 4.
d4 cxd4 5. Nxd4 Qc7 6. Nb3 Nf6 7.
Bd3 a6 8. O-O h5 9. f4 Nb4 10.
Qf3 b5 11. Bd2 Bb7 12. a3 Nc6 13. Kh1 Be7 14. Be3 Rd8 15. Bg1 h4 16. Nc5 h3 17.
Nxb7 hxg2+ 18. Qxg2 Qxb7 19. e5 Nh5 20. Rf3 Na5 21.
Ne4 d5 22. Ng3 d4 23. Be4 Nxg3+ 24. Rxg3 Qc7 25. Rxg7 Bf8 26. Rg4 Nc4 27. Rd1 Nxb2 28.
Rxd4 Rxd4 29. Bxd4 Bxa3 30. f5 Nd1 31. fxe6 fxe6 32.
Rg8+ Rxg8 33. Qxg8+ Kd7 34. Qa8 Bc5 35. Bxc5 Qxc5 36.
Qb7+ Qc7 37. Bc6+ Kd8 38. Qxa6 Qxe5 39. Qa8+ Ke7 40. Qe8+ Kf6 41. Qh8+ Kf5 42. Qxe5+ Kxe5 43. Bxb5 Ne3 44. Bd3 Kf4 45. Kg1 e5 46. c4 e4 47.
Be2 Nxc4 48. Bxc4 Kg5 1/2-1/2

[Event "*** Titled Tuesday 3|2 Blitz"]
[Site "Chess.com"]
[Date "2015.03.03"]
[Round "6"]
[White "Irochka83"]
[Black "esr44"]
[Result "1-0"]
[WhiteElo "2287"]
[BlackElo "2086"]
[TimeControl "180+2"]
[EndTime "12:15:26 PST"]
[Termination "Irochka83 won by resignation"]

1. Nf3 g6 2. c4 Bg7 3. g3 c5 4. Bg2 Nc6 5. Bf1 e5 6. Bg2 Nge7 7. O-O O-O 8. Nc3 d6 9. a3 a5 10. Rb1 Rb8 11. Ne1 Bf5 12. d3 Qd7 13. Nc2 Bh3 14. b4 axb4 15. axb4 Bxg2 16. Kxg2 cxb4 17.
Nxb4 Nxb4 18. Rxb4 d5 19. cxd5 Nxd5 20. Nxd5 Qxd5+ 21.
f3 f5 22. Qb3 Qxb3 23. Rxb3 Rfe8 24. Be3 e4 25. dxe4 fxe4 26. f4 Rec8 27. Rfb1 Rc2 28. Kf1 Rc3 29. Ba7 Rd8 30. Rxc3 Bxc3 31. Rxb7 Rd2 32. Kf2 Bd4+ 33. Bxd4 Rxd4 34. Ke3 Ra4 35. Re7 Kf8 36. Rxe4 Ra2 37. Kf3 Kf7 38. g4 Kf6 39. h3 Ra3+ 40. Re3 Ra1 41. Rb3 Rf1+ 42. Ke4 Kg7 43.
Ke5 Re1 44. e4 h5 45. Rb7+ Kg8 46. Kf6 hxg4 47. Kxg6 Kf8 48. hxg4 Rxe4 49. Rf7+ Kg8 50. g5 Re6+ 51. Rf6 Re7 52. f5 Rg7+ 53. Kh5 Rh7+ 54.
Rh6 Rf7 55. Kg4 Kg7 56. Rg6+ Kh7 57. Rb6 Ra7 58. Kh5 Rc7 59. g6+ Kg7 60. f6+ 1-0

[Event "*** Titled Tuesday 3|2 Blitz"]
[Site "Chess.com"]
[Date "2015.03.03"]
[Round "6"]
[White "IMRosen"]
[Black "Spas_Kozhuharov"]
[Result "1-0"]
[WhiteElo "2134"]
[BlackElo "2407"]
[TimeControl "180+2"]
[EndTime "12:15:27 PST"]
[Termination "IMRosen won by resignation"]

1. c4 Nf6 2. Nc3 g6 3. e4 d6 4. d4 Bg7 5. Be2 O-O 6. Bg5 h6 7.
Be3 c5 8. d5 e6 9. h3 exd5 10. exd5 Re8 11. Nf3 Nbd7 12. Nd2 a6 13. O-O Ne5 14. Re1 Bf5 15. Nf1 g5 16. Ng3 Bg6 17. a4 Qc7 18. Qd2 Re7 19. f4 gxf4 20. Bxf4 Kh7 21. Rf1 Rae8 22. Rf2 Qa5 23. Raf1 Nfd7 24.
h4 h5 25. Nxh5 Bxh5 26. Bxh5 Qb4 27. Be2 Kg8 28. h5 Nxc4 29. Bxc4 Qxc4 30. Rf3 Qd4+ 31. Kh2 Qxd2 32. Bxd2 Ne5 33. Rg3 Kh7 34. Ne4 Ng4+ 35. Rxg4 Rxe4 36. Rxe4 Rxe4 37. Rxf7 Kg8 38. Rxb7 Be5+ 39.
Kh3 Rxa4 40. Bc3 Bxc3 41. bxc3 Ra3 42. g4 Rxc3+ 43. Kh4 Rd3 44. Kg5 Rxd5+ 45. Kg6 Kf8 46. h6 Rd1 47. h7 1-0

[Event "*** Titled Tuesday 3|2 Blitz"]
[Site "Chess.com"]
[Date "2015.03.03"]
[Round "6"]
[White "GMHess"]
[Black "stepanosinovsky"]
[Result "1-0"]
[WhiteElo "2449"]
[BlackElo "2278"]
[TimeControl "180+2"]
[EndTime "12:15:27 PST"]
[Termination "GMHess won on time"]

1. b3 Nf6 2. Bb2 g6 3. Bxf6 exf6 4. c4 Bg7 5. Nc3 O-O 6. Nf3 f5 7. e3 Re8 8. g3 Nc6 9. Bg2 Bxc3 10.
dxc3 Qf6 11. Nd4 f4 12. gxf4 Qxf4 13. Qe2 Qg5 14. Bd5 Ne7 15. Bf3 c6 16. O-O-O a5 17.
h4 Qf6 18. h5 a4 19. hxg6 hxg6 20. b4 d6 21. Rh2 Nf5 22. Rdh1 Nxd4 23. cxd4 Bf5 24.
Qb2 a3 25. Qc3 c5 26. Rh8+ Qxh8 27. Rxh8+ Kxh8 28. dxc5+ Kg8 29. cxd6 Rab8 30. c5 Red8 31. Qxa3 b6 32. e4 Be6 33. e5 bxc5 34. bxc5 f6 35. c6 fxe5 36. c7 Rbc8 37. Bb7 Rf8 38. Bxc8 Rxc8 39. Qe3 Kf7 40. Qxe5 Ra8 41. a4 1-0

[Event "*** Titled Tuesday 3|2 Blitz"]
[Site "Chess.com"]
[Date "2015.03.03"]
[Round "6"]
[White "GeorgMeier"]
[Black "Fandorine"]
[Result "1-0"]
[WhiteElo "2739"]
[BlackElo "2564"]
[TimeControl "180+2"]
[EndTime "12:15:31 PST"]
[Termination "GeorgMeier won by resignation"]

1. Nf3 g6 2. g3 Bg7 3. d4 d6 4. Bg2 Nf6 5. O-O O-O 6. b3 e5 7. dxe5 Ng4 8. Bg5 Qe8 9. Nc3 Nxe5 10.
Nd5 Nxf3+ 11. exf3 Na6 12. Qd2 f6 13. Rfe1 Be6 14.
Nf4 fxg5 15. Nxe6 Bxa1 16. Nxf8 Qxf8 17. Rxa1 c6 18. Qxg5 Re8 19. Qd2 d5 20. Re1 Rxe1+ 21. Qxe1 Kf7 22. Qd2 Qg7 23. c3 Qe5 24. f4 Qe7 25.
Bf3 Qf6 26. Qe3 b6 27. Kg2 Nc7 28. Bg4 h5 29. Be2 Qe6 30. Bd3 Qxe3 31. fxe3 c5 32. c4 dxc4 33. bxc4 Kf6 34. e4 Ne6 35. e5+ Kg7 36. Kf3 Nd4+ 37. Ke4 Kf7 38. Kd5 Nf3 39. Kd6 Nxh2 40. e6+ Kg7 41. e7 1-0